 Dungeon Crawl Stone Soup version 0.30-a0-1160-g6e42c06551 (webtiles) character file.

Game seed: 18404068827323420779

643 sircluck the Chopper (level 7, -1/61 HPs)
             Began as a Hill Orc Fighter on Apr 25, 2023.
             Was an Initiate of Beogh.
             Slain by a gnoll
             ... wielding a +0 halberd
             ... led by a gnoll sergeant
              (6 damage)
             ... on level 5 of the Dungeon.
             The game lasted 00:05:53 (4457 turns).

sircluck the Chopper (Hill Orc Fighter)             Turns: 4457, Time: 00:05:53

Health: -1/61      AC: 13    Str: 21    XL:     7   Next: 51%
Magic:  7/7        EV:  8    Int:  8    God:    Beogh [......]
Gold:   200        SH:  4    Dex: 10    Spells: 6/6 levels left

rFire   . . .        a - +0 war axe
rCold   . . .        c - +0 buckler
rNeg    . . .        E - +1 chain mail {rPois}
rPois   +            (no helmet)
rElec   .            x - +1 cloak
rCorr   .            (no gloves)
SInv    .            (no boots)
Will    .....        (no amulet) Stlth
                     (no ring)
HPRegen 0.30/turn    (no ring)
MPRegen 0.10/turn

%: no passive effects
@: mighty
A: no striking features
a: Renounce Religion


You were on level 5 of the Dungeon.
You worshipped Beogh.
Beogh was noncommittal.
You visited 1 branch of the dungeon, and saw 5 of its levels.

You collected 200 gold pieces.

Inventory:

Hand Weapons
 a - a +0 war axe (weapon)
Missiles
 p - 37 stones (quivered)
 A - 5 poisoned darts
 B - a throwing net
Armour
 b - a +0 scale mail
 c - a +0 buckler (worn)
 x - a +1 cloak (worn)
 E - a +1 chain mail of poison resistance (worn)
Wands
 y - a wand of roots (8)
 z - a wand of flame (11)
Scrolls
 e - 2 scrolls of blinking {unknown}
 i - 3 scrolls of torment {unknown}
 j - 2 scrolls of immolation {unknown}
 k - 3 scrolls of identify {unknown}
 o - a scroll of enchant weapon {unknown}
 v - a scroll of summoning {unknown}
 w - 4 scrolls of teleportation {unknown}
 C - a scroll of enchant armour {unknown}
 D - a scroll of magic mapping {unknown}
Potions
 d - 2 potions of might
 f - a potion of attraction {unknown}
 g - 2 potions of ambrosia {unknown}
 h - 7 potions of curing {unknown}
 l - 4 potions of lignification {unknown}
 m - 4 potions of heal wounds {unknown}
 n - a potion of flight {unknown}
 q - a potion of mutation {unknown}
 r - a potion of degeneration {unknown}
 s - 2 potions of berserk rage {unknown}
 t - 2 potions of brilliance {unknown}
 u - 2 potions of resistance


   Skills:
 + Level 5.1 Fighting
 + Level 7.1 Axes
 + Level 5.4 Armour
 + Level 1.2 Dodging
 + Level 0.2 Stealth
 + Level 4.5 Shields


You had 6 spell levels left.
You didn't know any spells.
Your spell library contained the following spells:

 Spells                   Type           Power      Damage    Failure   Level
 Frozen Ramparts          Ice            0%         1d1       100%        3
 Vhi's Electric Charge    Tloc/Air       0%         N/A       100%        3
 Ice Form                 Ice/Tmut       0%         N/A       100%        4
 Summon Ice Beast         Ice/Summ       0%         N/A       100%        4
 Arcjolt                  Conj/Air       0%         1d10      100%        5
 Plasma Beam              Fire/Air       0%         2x1d11    100%        6


Dungeon Overview and Level Annotations

Branches:
Dungeon (5/15)             Temple (0/1) D:4

Altars:


Message History

You closely miss the gnoll sergeant. The gnoll hits you but does no damage.
The gnoll sergeant hits you with a +0 trident.
You barely miss the gnoll sergeant. The gnoll hits you but does no damage.
The gnoll sergeant hits you but does no damage. x2
The gnoll hits you from afar with a +0 halberd.
* * * LOW HITPOINT WARNING * * *
You slash the gnoll sergeant!
The gnoll sergeant is moderately wounded.
The gnoll sergeant hits you with a +0 trident!
* * * LOW HITPOINT WARNING * * *
The gnoll barely misses you.
You completely miss the gnoll sergeant.
The gnoll sergeant is moderately wounded.
The gnoll sergeant closely misses you. The gnoll hits you but does no damage.
You feel very mighty all of a sudden.
The gnoll sergeant hits you but does no damage.
You block the gnoll's attack.
You hit the gnoll sergeant but do no damage.
The gnoll sergeant is moderately wounded.
The gnoll hits you but does no damage.
The gnoll sergeant hits you with a +0 trident.
* * * LOW HITPOINT WARNING * * *
You closely miss the gnoll sergeant.
The gnoll sergeant is moderately wounded.
The gnoll barely misses you. You block the gnoll sergeant's attack.
The gnoll closely misses you.
The gnoll sergeant hits you but does no damage.
You slash the gnoll sergeant!
The gnoll sergeant is almost dead.
The gnoll hits you from afar with a +0 halberd.
* * * LOW HITPOINT WARNING * * *
The gnoll sergeant hits you but does no damage.
You barely miss the gnoll sergeant.
The gnoll sergeant is almost dead.
The gnoll sergeant barely misses you. You block the gnoll's attack.
You slice the gnoll sergeant!!
You kill the gnoll sergeant!
Beogh accepts your kill.
The gnoll hits you from afar with a +0 halberd.
You die...

#.........#
.#####.#..#
.......#.#######.
.......#.........
.#####.....<.....
#..########.
###...# #.....##
#.@)...#
#.)......#
.g#.###.#...
##>#.# ..### #
..# ..# #.# ..
#.. .. #..


You could see a gnoll.

Vanquished Creatures
  Sigmund (D:3)
  A bullfrog (D:4)
  A gnoll sergeant (D:5)
  A scorpion (D:4)
  A hound (D:4)
  A jelly (D:4)
  An orc priest (D:4)
  3 iguanas
  Crazy Yiuf (D:2)
  Terence (D:2)
  2 gnolls (D:5)
  4 adders
  2 worms
  2 dart slugs
  2 orcs
  4 bats
  5 endoplasms
  3 giant cockroaches
  7 goblins
  11 hobgoblins
  3 jackals (D:1)
  9 kobolds
  8 quokkas
  4 ball pythons
  5 frilled lizards
  6 rats
89 creatures vanquished.

Notes
Turn   | Place    | Note
-------+----------+-------------------------------------------
     0 | D:1      | sircluck the Hill Orc Fighter began the quest for the Orb.
     0 | D:1      | Reached XP level 1. HP: 19/19 MP: 1/1
   216 | D:1      | Reached XP level 2. HP: 27/27 MP: 2/2
   406 | D:1      | Reached skill level 3 in Axes
  1031 | D:2      | Reached XP level 3. HP: 31/33 MP: 3/3
  1155 | D:2      | Found a runed translucent door.
  1156 | D:2      | Noticed Crazy Yiuf
  1400 | D:2      | Noticed Terence
  1400 | D:2      | You fall into a shaft and drop 1 floor!
  1493 | D:3      | Reached XP level 4. HP: 9/41 MP: 4/4
  1910 | D:3      | Reached XP level 5. HP: 47/47 MP: 5/5
  2011 | D:3      | Reached skill level 4 in Axes
  2037 | D:3      | Noticed Sigmund
  2057 | D:3      | Killed Sigmund
  2058 | D:3      | Reached skill level 5 in Axes
  2058 | D:3      | Reached skill level 1 in Dodging
  2058 | D:3      | Reached XP level 6. HP: 55/55 MP: 6/6
  2284 | D:3      | You fall into a shaft and drop 1 floor!
  2817 | D:4      | Found a staircase to the Ecumenical Temple.
  2899 | D:4      | Reached skill level 5 in Fighting
  2899 | D:4      | Reached skill level 6 in Axes
  2899 | D:4      | Reached skill level 5 in Armour
  3013 | D:4      | Reached XP level 7. HP: 61/61 MP: 7/7
  3058 | D:4      | Became a worshipper of Beogh the Brigand
  3551 | D:2      | Killed Terence
  4230 | D:2      | Killed Crazy Yiuf
  4231 | D:2      | Reached skill level 7 in Axes
  4418 | D:5      | Entered Level 5 of the Dungeon
  4457 | D:5      | Slain by a gnoll

Illustrated notes

Levels and vault maps discovered:
D:1:      lemuel_arrival_river_ford, layout_loops_ring, dk_noncrumbling_2,
          chequers_serial_rivers_small_b, roderic_lattice_a, minmay_pentomino_q4
D:2:      layout_basic, uniq_crazy_yiuf_cottage, uniq_terence
D:3:      layout_loops_ring, minmay_surrounded, uniq_sigmund
D:4:      layout_cave_pods, minmay_temple_entry_glass, minmay_small_thing
D:5:      layout_rooms

Skill      XL: |  1  2  3  4  5  6  7 |
---------------+----------------------+-----
Axes           | 3 5 6 7 |  7.1
Fighting       | 4 5 |  5.1
Shields        | 4 |  4.5
Armour         | 4 5 |  5.4
Dodging        | 1 |  1.2
Stealth        | |  0.2

Action                     |  1- 3 |  4- 6 |  7- 9 || total
---------------------------+-------+-------+-------++-------
  Melee: War axe           |   112 |   120 |    64 ||   296
 Invoke: Convert to Beogh  |       |       |     1 ||     1
    Use: Potion            |       |       |     1 ||     1
 Armour: Scale mail        |    44 |    59 |    16 ||   119
         Chain mail        |       |       |    14 ||    14
  Dodge: Dodged            |    66 |    62 |    29 ||   157
  Block: Buckler           |    15 |    31 |    10 ||    56

Table legend: (Time is in decaauts)
 A = Elapsed time spent in this place.
 B = Non-inter-level travel time spent in this place.
 C = Inter-level travel time spent in this place.
 D = Time resting spent in this place.
 E = Time spent auto-exploring this place.
 F = Levels seen in this place.
 G = Mean time per level.
                   A        B        C        D        E       F      G
               +--------+--------+--------+--------+--------+-----+--------+
         Total |   4555 |   4323 |    232 |      0 |   3600 |   5 |  911.0 |
       Dungeon |   4555 |   4323 |    232 |      0 |   3600 |   5 |  911.0 |
               +--------+--------+--------+--------+--------+-----+--------+

Top non-repeatable levels by time:
     D:2: 1234 daAuts
     D:4: 1186 daAuts
     D:1: 1053 daAuts
     D:3: 1039 daAuts
     D:5: 42 daAuts
